 Dungeon Crawl Stone Soup version 0.28-a0-32-g8dfe7f97f6 (webtiles) character file.

Game seed: 14319158157127767698

666 Spaninq the Magician (level 7, -1/45 HPs)
             Began as a Djinni Fire Elementalist on July 27, 2021.
             Slain by a gnoll shaman (9 damage)
             ... on level 4 of the Dungeon.
             The game lasted 00:09:20 (4000 turns).

Spaninq the Magician (Djinni Fire Elementalist)     Turns: 4000, Time: 00:09:22

Health: -1/45      AC:  3    Str:  7    XL:     7   Next: 88%
Gold:   121        EV: 12    Int: 18    God:
                   SH:  0    Dex: 14

rFire   + + .      SeeInvis .   i - +0 dagger (venom)
rCold   x . .      Faith    .   (no shield)
rNeg    . . .      Spirit   .   a - +0 robe
rPois   ∞          Reflect  .   g - +0 helmet
rElec   .          Harm     .   (no cloak)
rCorr   .          Rampage  .   (no gloves)
Will    .....                   (boots unavailable)
Stlth   +.........              (no amulet)
HPRegen 0.15/turn               (no ring)
MPRegen 0.00/turn               (no ring)

@: lit by a corona, flying, glowing
A: sickness immunity, fire resistance 2, cold vulnerability 1, float, innate
caster, hp casting, extra vitality 1
a: no special abilities


You were on level 4 of the Dungeon.
You visited 1 branch of the dungeon, and saw 4 of its levels.

You collected 121 gold pieces.

Inventory:

Hand Weapons
 i - a +0 dagger of venom (weapon)
 m - a +0 hand axe
Armour
 a - a +0 robe (worn)
 g - a +0 helmet (worn)
Scrolls
 b - a scroll of holy word {unknown}
 c - a scroll of enchant weapon {unknown}
 d - 2 scrolls of acquirement {unknown}
 f - a scroll of blinking {unknown}
 h - 2 scrolls of identify {unknown}
 j - a scroll of teleportation {unknown}
 l - 3 scrolls of amnesia {unknown}
 n - a scroll of silence {unknown}
 p - a scroll of brand weapon {unknown}
Potions
 e - a potion of degeneration {unknown}
 k - a potion of haste {unknown}
 o - a potion of heal wounds {unknown}
 q - a potion of berserk rage {unknown}


   Skills:
 - Level 2.1 Dodging
 - Level 1.5 Stealth
 + Level 6.6 Spellcasting


You couldn't memorise any spells.
You knew the following spells:

 Your Spells              Type           Power      Damage    Failure   Level
a - Foxfire               Conj/Fire      100%       2x1d9     1%          1
b - Conjure Flame         Conj/Fire      29%        6-21      2%          3
c - Inner Flame           Hex/Fire       29%        N/A       2%          3
d - Sticky Flame          Conj/Fire      29%        2d5       8%          4
e - Fireball              Conj/Fire      14%        3d8       21%         5
f - Summon Small Mammal   Summ           100%       N/A       1%          1
g - Static Discharge      Conj/Air       29%        N/A       1%          2
h - Portal Projectile     Hex/Tloc       58%        N/A       2%          3
Your spell library was empty.

Dungeon Overview and Level Annotations

Branches:
Dungeon (4/15)
 Temple: D:4-7

Altars:

Shops:
D:2 !


Innate Abilities, Weirdness & Mutations

You are immune to sickness and miasma.
You are immune to poison.
Your flesh is very heat resistant. (rF++)
You are vulnerable to cold. (rC-)
You float through the air rather than walking.
You learn spells naturally, not from books.
Your magical power is your life essence.
You have superior vitality. (+4 HP)


Message History

The foxfire hits the gnoll.
The gnoll is severely wounded.
The foxfire hits the gnoll!
You kill the gnoll!
The gnoll shaman barely misses you.
Casting: Foxfire (safe; 1% risk of failure)
Confirm with . or Enter, or press ? or * to list all spells.
You conjure some foxfire!
The gnoll shaman closely misses you.
You barely miss the gnoll shaman.
The gnoll shaman is heavily wounded.
The foxfire hits the gnoll shaman.
The gnoll shaman is heavily wounded.
The foxfire hits the gnoll shaman.
The gnoll shaman is severely wounded.
The gnoll shaman hits you with a +0 club!
* * * LOW HITPOINT WARNING * * *
Casting: Foxfire (safe; 1% risk of failure)
Confirm with . or Enter, or press ? or * to list all spells.
You conjure some foxfire!
* * * LOW HITPOINT WARNING * * *
The gnoll shaman hits you with a +0 club.
* * * LOW HITPOINT WARNING * * *
Casting: Foxfire (safe; 1% risk of failure)
Confirm with . or Enter, or press ? or * to list all spells.
You conjure some foxfire!
* * * LOW HITPOINT WARNING * * *
The foxfire hits the gnoll shaman.
The gnoll shaman is almost dead.
The foxfire hits the gnoll shaman but does no damage.
The gnoll shaman is almost dead.
The gnoll shaman prays to its god.
The gnoll shaman is healed somewhat.
You barely miss the gnoll shaman.
The gnoll shaman is severely wounded.
The foxfire hits the gnoll shaman but does no damage.
The gnoll shaman is severely wounded.
The foxfire hits the gnoll shaman.
The gnoll shaman is severely wounded.
The gnoll shaman hits you with a +0 club!
You die...

#..^...# #.....######### #......#
#.....'.))..... #).....##
###...#########
#....)..##########...#### #
####.....#.##...##.........# #
.....<...............>.....# #
.......))#.##..............# #
.."......#..#..§§§.........######
.........##)#..)@§......#####....
...#.....##)#..g.§.###### #.###
####.....##.#÷.....# #...#
########..).....# ###.#
##.####.## ####.# #..# #.# #....#
##.# #.# ###### #s###.# #..##.#


You could see a gnoll shaman.

Vanquished Creatures
  An ogre (D:3)
  A kobold brigand (D:3)
  2 scorpions (D:4)
  A jelly (D:3)
  3 hounds
  An orc priest (D:3)
  An iguana (D:3)
  9 gnolls (D:4)
  4 adders
  An ufetubus (D:3)
  2 adder skeletons (D:4)
  3 dart slugs
  3 orcs (D:3)
  6 ball pythons
  5 endoplasms
  6 goblins
  5 hobgoblins
  8 jackals
  4 quokkas
  A bat (D:2)
  5 frilled lizards
  9 kobolds
  4 rats
85 creatures vanquished.

Vanquished Creatures (collateral kills)
  A foxfire (D:1)
1 creature vanquished.

Vanquished Creatures (others)
  310 foxfires
310 creatures vanquished.

Grand Total: 396 creatures vanquished

Notes
Turn   | Place    | Note
-------+----------+-------------------------------------------
     0 | D:1      | Spaninq the Djinni Fire Elementalist began the quest for
                  | the Orb.
     0 | D:1      | Reached XP level 1. HP: 15/15 MP: 0/0
   327 | D:1      | Reached XP level 2. HP: 17/21 MP: 0/0
   687 | D:1      | Reached skill level 3 in Spellcasting
   820 | D:1      | Found a faded altar of an unknown god.
  1212 | D:1      | Reached XP level 3. HP: 13/25 MP: 0/0
  1212 | D:1      | Learned a level 1 spell: Summon Small Mammal
  1860 | D:2      | Reached XP level 4. HP: 31/31 MP: 0/0
  1963 | D:2      | Found Wixouf's Distillery.
  2187 | D:3      | Noticed a kobold brigand
  2194 | D:3      | Killed a kobold brigand
  2195 | D:3      | Reached skill level 4 in Spellcasting
  2195 | D:3      | Reached XP level 5. HP: 26/35 MP: 0/0
  2195 | D:3      | Learned a level 2 spell: Static Discharge
  2585 | D:3      | Reached XP level 6. HP: 36/40 MP: 0/0
  2589 | D:3      | Noticed an ogre
  2594 | D:3      | Killed an ogre
  2595 | D:3      | Reached skill level 5 in Spellcasting
  3265 | D:3      | Reached XP level 7. HP: 26/45 MP: 0/0
  3265 | D:3      | Learned a level 3 spell: Portal Projectile
  3566 | D:4      | Reached skill level 6 in Spellcasting
  4000 | D:4      | Slain by a gnoll shaman

Illustrated notes

Levels and vault maps discovered:
D:1:      dpeg_arrival_simpleton_a, layout_loops_ring,
          shapermc_ecumenical_altar_notcrosses, minmay_misc_feat_diagonals,
          minmay_misc_feat_square, minmay_misc_feat_plants
D:2:      layout_basic, serial_shops, nicolae_shop_crystal, minmay_bisected
D:3:      layout_basic, corexii_item_surrounded_by_moat, lemuel_old_faithful
D:4:      layout_basic, mainiacjoe_overflow_alcove_1

Skill      XL: |  1  2  3  4  5  6  7 |
---------------+----------------------+-----
Spellcasting   | 3 4 5 6 |  6.6
Dodging        | |  2.1
Stealth        | |  1.5

Action                   |  1- 3 |  4- 6 |  7- 9 || total
-------------------------+-------+-------+-------++-------
Melee: Dagger            |    10 |    10 |    12 ||    32
 Cast: Foxfire           |    66 |    66 |    57 ||   189
 Stab: Sleeping          |       |     1 |       ||     1
Armor: Robe              |     6 |     4 |     1 ||    11
Dodge: Dodged            |    10 |    21 |    15 ||    46

Table legend: (Time is in decaauts)
 A = Elapsed time spent in this place.
 B = Non-inter-level travel time spent in this place.
 C = Inter-level travel time spent in this place.
 D = Time resting spent in this place.
 E = Time spent auto-exploring this place.
 F = Levels seen in this place.
 G = Mean time per level.
                   A        B        C        D        E       F      G
               +--------+--------+--------+--------+--------+-----+--------+
         Total |   3999 |   3935 |     64 |    568 |   2776 |   4 |  999.8 |
       Dungeon |   3999 |   3935 |     64 |    568 |   2776 |   4 |  999.8 |
               +--------+--------+--------+--------+--------+-----+--------+

Top non-repeatable levels by time:
     D:1: 1398 daAuts
     D:3: 1205 daAuts
     D:2: 773 daAuts
     D:4: 621 daAuts
